 Dungeon Crawl Stone Soup version 0.31-a0-208-gdb31a4691d (webtiles) character file.

Game seed: 12949644938584643297

17 lunkers the Chucker (level 3, 0/26 HPs)
             Began as a Meteoran Wanderer on June 28, 2023.
             Succumbed to an adder's poison
             ... on level 2 of the Dungeon.
             The game lasted 00:01:00 (200 turns).

lunkers the Chucker (Meteoran Wanderer)              Turns: 200, Time: 00:01:01

Health: 0/26       AC:  4    Str: 17    XL:     3   Next: 2%
Magic:  8/8        EV: 11    Int: 11    God:
Gold:   35         SH:  0    Dex: 14    Spells: 7/7 levels left

rFire   . . .        a - +2 dagger
rCold   . . .        (no shield)
rNeg    . . .        e - +0 leather armour
rPois   .            c - +0 helmet
rElec   .            (no cloak)
rCorr   .            (no gloves)
SInv    .            (no boots)
Will    .....        (no amulet)
Stlth   +            (no ring)
HPRegen 0.24/turn    (no ring)
MPRegen 0.11/turn

%: no passive effects
@: lethally poisoned (0 -> -1), glowing
A: sense surroundings 1, otherworldly, glowing, explore regen
a: no special abilities


You were on level 2 of the Dungeon.
You visited 1 branch of the dungeon, and saw 2 of its levels.

You collected 35 gold pieces.

Inventory:

Hand Weapons
 a - a +2 dagger (weapon)
Missiles
 b - a curare-tipped dart
 f - 6 atropa-tipped darts
Armour
 c - a +0 helmet (worn)
 e - a +0 leather armour (worn)
Scrolls
 d - a scroll of vulnerability
 g - 2 scrolls of noise
 h - a scroll of teleportation {unknown}


   Skills:
 + Level 2.4 Short Blades
 - Level 4.8 Throwing
 - Level 1.2 Dodging
 - Level 2.6 Spellcasting
 - Level 3.6 Poison Magic


You had 7 spell levels left.
You didn't know any spells.
Your spell library contained the following spells:

 Spells                   Type           Power      Damage    Failure   Level
 Poisonous Vapours        Pois/Air       10%        N/A       24%         2
 Cigotuvi's Dreadful Rot  Necr/Pois/Air  8%         N/A       30%         2
 Hailstorm                Conj/Ice       1%         3d3       69%         3
 Ice Form                 Ice/Tmut       1%         N/A       97%         4
 Simulacrum               Ice/Necr       0%         N/A       100%        6


Dungeon Overview and Level Annotations

Branches:
Dungeon (2/15) Zot: 1004

Altars:

Annotations:
D:2 Robin


Innate Abilities, Weirdness & Mutations

You passively map a small area around you.
You are easily found by Zot.
You glow in the dark.
You regain HP and MP as you explore.


Message History

* * * LOW HITPOINT WARNING * * *
The adder bites you but does no damage.
You miss the adder.
The adder is severely wounded.
A goblin comes into view. It is wielding a +0 dagger of speed.
The adder closely misses you.
You hit the adder.
The adder is almost dead.
The adder bites you but does no damage.
You closely miss the adder.
The adder is almost dead.
The adder bites you but does no damage.
You closely miss the adder.
The adder is almost dead.
The adder bites you but does no damage.
You barely miss the adder.
The adder is almost dead.
The adder bites you but does no damage.
Robin roars a battlecry!
The goblins go into a battle-frenzy!
The adder barely misses you.
You hit the adder but do no damage.
The adder is almost dead.
The adder bites you.
* * * LOW HITPOINT WARNING * * *
You are poisoned.
The adder poisons you!
You hit the adder.
The adder is almost dead.
You feel sick.
A goblin comes into view. It is wielding a +0 club.
The adder bites you.
* * * LOW HITPOINT WARNING * * *
You closely miss the adder.
The adder is almost dead.
You feel sick. The adder bites you.
* * * LOW HITPOINT WARNING * * *
You hit the adder.
You kill the adder!
You die...

.#.#. ..# , *
.... ..# , ,
#..# .g.# *
##.###..##...# *
*
.....ggg.....###
, * #gb<.[.....
#g####..... ,
#)# , ### * *
#@# , * * ** #)#
* , ,... * ,
,.(... * ####..#
* , *,** ..# , ,
..# * , ,... ,,


You could see Robin, a hobgoblin (strong), 3 goblins and a bat.

Vanquished Creatures
  An adder (D:2)
  2 endoplasms
  7 goblins
  A hobgoblin (D:1)
  A kobold (D:1)
  2 ball pythons (D:1)
14 creatures vanquished.

Notes
Turn   | Place    | Note
-------+----------+-------------------------------------------
     0 | D:1      | lunkers the Meteoran Wanderer began the quest for the Orb.
     0 | D:1      | lunkers set off with the following items: a +2 dagger, a
                  | curare-tipped dart, a +0 helmet, a scroll of vulnerability,
                  | a +0 leather armour; and the following spells available to
                  | memorise: Poisonous Vapours, Cigotuvi's Dreadful Rot.
     0 | D:1      | Reached XP level 1. HP: 14/14 MP: 5/5
    75 | D:1      | Reached skill level 1 in Short Blades
    78 | D:1      | Reached XP level 2. HP: 17/20 MP: 6/6
   171 | D:2      | Noticed Robin
   190 | D:2      | Reached XP level 3. HP: 9/26 MP: 8/8
   199 | D:2      | HP: 1/26 [adder (2)]
   200 | D:2      | Succumbed to an adder's poison

Illustrated notes

Levels and vault maps discovered:
D:1:      psy_arrival_radial01, layout_rooms, hex_tiny
D:2:      layout_loops_ring, serial_shops, shop, glass_columns_b, uniq_robin,
          uniq_crazy_yiuf_cottage

Skill      XL: |  1  2 |
---------------+-------+-----
Short Blades   | 1 2 |  2.4
Throwing       | |  4.8
Dodging        | |  1.2
Spellcasting   | |  2.6
Poison Magic   | |  3.6

Action                     || total
---------------------------++-------
  Melee: Dagger            ||    47
         Punch             ||     2
    Use: Scroll            ||     1
 Armour: Leather armour    ||    17
  Dodge: Dodged            ||    15

Table legend: (Time is in decaauts)
 A = Elapsed time spent in this place.
 B = Non-inter-level travel time spent in this place.
 C = Inter-level travel time spent in this place.
 D = Time resting spent in this place.
 E = Time spent auto-exploring this place.
 F = Levels seen in this place.
 G = Mean time per level.
                   A        B        C        D        E       F      G
               +--------+--------+--------+--------+--------+-----+--------+
         Total |    195 |    195 |      0 |      0 |    117 |   2 |   97.5 |
       Dungeon |    195 |    195 |      0 |      0 |    117 |   2 |   97.5 |
               +--------+--------+--------+--------+--------+-----+--------+

Top non-repeatable levels by time:
     D:1: 168 daAuts
     D:2: 27 daAuts
